 Dungeon Crawl Stone Soup version 0.27.1 (webtiles) character file.

Game seed: 15473374812023729344

112 Sabo the Skirmisher (level 4, -2/36 HPs)
             Began as a Demonspawn Fighter on Aug 29, 2021.
             Was a Follower of Qazlal.
             Slain by a worm (9 damage)
             ... on level 3 of the Dungeon.
             The game lasted 00:10:22 (2643 turns).

Sabo the Skirmisher (Demonspawn Fighter)            Turns: 2643, Time: 00:10:23

Health: -2/36      AC: 10    Str: 17    XL:     4   Next: 63%
Magic:  4/4        EV:  8    Int:  9    God:    Qazlal [*.....]
Gold:   144        SH: 11    Dex: 13    Spells: 3/3 levels left

rFire    . . .     SeeInvis .   a - +0 war axe
rCold    . . .     Faith    .   c - +0 kite shield
rNeg     . . .     Spirit   .   l - +4 ring mail
rPois    .         Reflect  .   (no helmet)
rElec    .         Harm     .   (no cloak)
rCorr    .         Rampage  .   (no gloves)
Will     .....                  (no boots)
Stlth    +.........             (no amulet)
HPRegen  0.12/turn              (no ring)
MPRegen  0.09/turn              (no ring)

@: no status effects
A: talons 1, rugged brown scales 1
a: Renounce Religion


You were on level 3 of the Dungeon.
You worshipped Qazlal.
Qazlal was aware of your devotion.
You visited 1 branch of the dungeon, and saw 3 of its levels.

You collected 144 gold pieces.

Inventory:

Hand Weapons
 a - a +0 war axe (weapon)
Missiles
 e - 75 arrows
 g - 2 atropa-tipped darts
 h - 26 poisoned darts (quivered)
 j - 12 sling bullets
Armour
 c - a +0 kite shield (worn)
 l - a +4 ring mail (worn)
Scrolls
 f - a scroll of identify {unknown}
 k - a scroll of amnesia {unknown}
Potions
 i - 2 potions of lignification {unknown}


   Skills:
 + Level 3.5 Fighting
 + Level 3.0 Axes
 + Level 3.1 Armour
 + Level 0.8 Dodging
 + Level 3.3 Shields


You had 3 spell levels left.
You didn't know any spells.
Your spell library was empty.

Dungeon Overview and Level Annotations

Branches:
Dungeon (3/15)

Altars:
Qazlal

Shops:
D:2 =


Innate Abilities, Weirdness & Mutations

You have sharp toenails.
You are partially covered in rugged brown scales. (AC +1, +3% HP)


Message History

You hit the worm but do no damage. You completely miss the gnoll.
The gnoll hits you but does no damage. You block the gnoll's attack. x2
The gnoll hits you from afar with a +0 spear.
The gnoll closely misses you. The gnoll hits you but does no damage.
You hit the gnoll but do no damage. You claw the gnoll.
The gnoll is heavily wounded.
You hit the worm. You completely miss the gnoll.
The gnoll hits you but does no damage. The gnoll barely misses you.
The gnoll hits you with a +0 flail! The worm bites you!
You block the gnoll's attack.
You slash the gnoll!
You kill the gnoll!
Qazlal accepts your kill.
You hit the worm. You hit the gnoll but do no damage.
The gnoll hits you but does no damage. You block the worm's attack.
The gnoll completely misses you. You block the gnoll's attack.
The gnoll hits you with a +0 spear.
* * * LOW HITPOINT WARNING * * *
The gnoll barely misses you. The worm bites you.
* * * LOW HITPOINT WARNING * * *
Things that are here:
a +0 flail; a gnoll corpse Your ring mail prevents you from hitting the gnoll.
You claw the gnoll.
The gnoll is heavily wounded.
You hit the worm. You hit the gnoll. The gnoll hits you but does no damage.
You block the gnoll's attack. The worm barely misses you.
You block the gnoll's attack.
You barely miss the gnoll. You claw the gnoll.
The gnoll is almost dead.
Your shield prevents you from hitting the worm.
You hit the gnoll. You block the gnoll's attack. x2
The gnoll barely misses you. The worm bites you.
* * * LOW HITPOINT WARNING * * *
You slash the gnoll!
You kill the gnoll!
Qazlal accepts your kill.
You barely miss the gnoll. You hit the worm. The gnoll barely misses you.
The worm bites you!
You die...

...# .## ##..##..
#......### .
#...#.... .. #
#...#..###...
.#.###..........!.
........w.......#.
......)@..........
......○.g#.####.#.
##..###..#.####.
#...#...........
.........#.####.
...........###.
.#.####........
.#.####.#...###
...............


You could see a worm and a gnoll.

Vanquished Creatures
  An adder (D:2)
  6 gnolls
  A worm (D:2)
  4 dart slugs
  3 ball pythons
  4 endoplasms (D:1)
  A giant cockroach (D:1)
  3 hobgoblins
  5 quokkas
  4 bats
  2 frilled lizards (D:1)
  8 kobolds
  4 rats
46 creatures vanquished.

Notes
Turn   | Place    | Note
-------+----------+-------------------------------------------
     0 | D:1      | Sabo the Demonspawn Fighter began the quest for the Orb.
     0 | D:1      | Reached XP level 1. HP: 18/18 MP: 1/1
     2 | D:1      | Noticed a djinni
     2 | D:1      | Noticed an octopode
     4 | D:1      | Noticed a vine stalker
     4 | D:1      | Noticed a draconian
     6 | D:1      | Noticed a merfolk
     6 | D:1      | Noticed a demigod
     9 | D:1      | Noticed a ghoul
     9 | D:1      | Noticed a felid
    11 | D:1      | Noticed a naga
    11 | D:1      | Noticed a troll
    13 | D:1      | Noticed a human
    15 | D:1      | Noticed a gargoyle
    15 | D:1      | Noticed a demonspawn
    17 | D:1      | Noticed a dwarf
    17 | D:1      | Noticed an elf
    19 | D:1      | Noticed a minotaur
    19 | D:1      | Noticed a palentonga
    21 | D:1      | Noticed a barachi
    27 | D:1      | Noticed a vampire
    27 | D:1      | Noticed a tengu
    29 | D:1      | Noticed a formicid
    31 | D:1      | Noticed a spriggan
    31 | D:1      | Noticed an ogre
   219 | D:1      | Gained mutation: You are partially covered in rugged brown
                  | scales. (AC +1, +3% HP) [demonic ancestry]
   219 | D:1      | Reached XP level 2. HP: 18/24 MP: 2/2
   938 | D:1      | Reached XP level 3. HP: 28/29 MP: 3/3
  1750 | D:2      | Found Wantuarr's Jewellery Boutique.
  2007 | D:2      | Found a faded altar of an unknown god.
  2021 | D:2      | Became a worshipper of Qazlal Stormbringer
  2021 | D:2      | Reached * piety under Qazlal
  2352 | D:2      | Gained mutation: You have sharp toenails. [demonic
                  | ancestry]
  2352 | D:2      | Reached XP level 4. HP: 31/36 MP: 4/4
  2643 | D:3      | Slain by a worm

Illustrated notes

Levels and vault maps discovered:
D:1:      kb_arrival_jail, layout_loops_ring, st_stairs_3
D:2:      layout_loops_ring, shapermc_ecumenical_altar_starsandcircs,
          serial_shops, nicolae_shop_waterfront
D:3:      layout_basic

Skill      XL: |  1  2  3  4 |
---------------+-------------+-----
Axes           | 2 3 |  3.0
Shields        | 3 |  3.3
Armour         | 3 |  3.1
Fighting       | |  3.5
Dodging        | |  0.8

Action                   |  1- 3 |  4- 6 || total
-------------------------+-------+-------++-------
Melee: War axe           |   136 |    13 ||   149
       Kick              |       |     6 ||     6
  Use: Scroll            |     1 |       ||     1
       Potion            |     1 |       ||     1
Armor: Scale mail        |    83 |       ||    83
       Ring mail         |     5 |     9 ||    14
Dodge: Dodged            |    54 |    10 ||    64
Block: Kite shield       |    87 |    15 ||   102
